cohdb
Replays
Latest Replays
All Replays
Popular Replays
Top Player Replays
Match Explorer
How It Works
Community
CoH3 Stats
Reddit
Sign in to upload your games and track your stats! →
Sign in with Steam
Match 37984053
Unlisted
Match 37984053
Overview
Messages
Build Orders
End
Engineer Squad
Construct Barracks
Selects Armored Battlegroup
Selects Veteran Crews
1⁄4-ton 4x4 Truck
Riflemen Squad
Riflemen Squad
Mechanized Support Center
Selects Fast Deploy
Construct Weapon Support Center
M3 75 mm Gun Motor Carriage
Designate Forward Repair Station
M1918 Browning Automatic Rifles
Riflemen Squad
Construct Medical Station
Selects M8 Scott SPG
M8 Scott SPG
Grenade Package
M3 75 mm Gun Motor Carriage
M8 Scott SPG
M3 75 mm Gun Motor Carriage
Engineer Squad
Riflemen Squad
M16 Multiple Gun Motor Carriage
Selects M4A3E8 Sherman Combat Group
M4A3E8 Sherman Combat Group
Lyco
Tomakaze
vonMises
Mael Radec
0
0
Comments
sign in to comment!
No comments posted yet!